 Dungeon Crawl Stone Soup version 0.31-a0-1074-g0b22e4e0f1 (webtiles) character file.

Game seed: 5383352882767552924

68 jlumianski the Ruffian (level 4, -11/51 HPs)
             Began as a Gnoll Shapeshifter on Nov 29, 2023.
             Mangled by an ogre
             ... wielding a +0 giant club
              (23 damage)
             ... on level 4 of the Dungeon.
             The game lasted 00:09:16 (2143 turns).

jlumianski the Ruffian (Gnoll Shapeshifter)         Turns: 2143, Time: 00:09:17

Health: -11/51     AC: 22    Str: 14 (16) XL:     4   Next: 19%
Magic:  0/5        EV:  2    Int:  8 (9)  God:
Gold:   160        SH:  0    Dex: 10 (11) Spells: 5/5 levels left

rFire   . .          .
                       - Unarmed
rCold   + . .        v - orb {mayhem}
rNeg    . . .        g - melded +0 ring mail
rPois   +            (helmet currently unavailable)
rElec   .            (cloak currently unavailable)
rCorr   .            (gloves currently unavailable)
SInv    .            (boots currently unavailable)
Will    .....        e - amulet of guardian spirit
Stlth   +            k - ring of protection from cold
HPRegen 0.28/turn    (no ring)
MPRegen 0.09/turn

%: mayhem, guardian spirit
@: tree-form
A: stationary, stasis, torment immunity, boosted hp, (fangs 1), strong nose,
distributed training
a: no special abilities


You were on level 4 of the Dungeon.
You were a tree.
You visited 1 branch of the dungeon, and saw 4 of its levels.

You collected 160 gold pieces.

Inventory:

Hand Weapons
 r - a +0 glaive
 y - a +0 short sword of speed
Missiles
 l - 34 stones (quivered)
Armour
 a - a +0 animal skin
 g - a +0 ring mail (melded)
 m - a +0 kite shield
 v - an orb of mayhem (worn)
Jewellery
 e - an amulet of guardian spirit (around neck)
 f - a ring of fire
 k - a ring of protection from cold (left branch)
Talismans
 c - a beast talisman
 d - a flux talisman
Scrolls
 j - a scroll of fog {unknown}
 o - a scroll of silence {unknown}
 s - 2 scrolls of vulnerability
 t - a scroll of amnesia {unknown}
 u - 2 scrolls of revelation
 z - a scroll of immolation {unknown}
 A - a scroll of butterflies {unknown}
 B - a scroll of fear {unknown}
 C - a scroll of teleportation {unknown}
Potions
 h - a potion of degeneration
 i - a potion of ambrosia
 n - a potion of attraction
 p - a potion of invisibility {unknown}
 q - a potion of resistance {unknown}
 x - 3 potions of curing
 D - a potion of brilliance {unknown}


   Skills:
 + Level 2.7 Fighting
 + Level 1.1 Short Blades
 + Level 1.1 Long Blades
 + Level 1.1 Axes
 + Level 1.1 Maces & Flails
 + Level 1.1 Polearms
 + Level 1.1 Staves
 + Level 1.1 Ranged Weapons
 + Level 1.1 Throwing
 + Level 1.1 Armour
 + Level 4.6 Dodging
 + Level 1.1 Stealth
 + Level 1.1 Shields
 + Level 6.6 Unarmed Combat
 + Level 1.1 Spellcasting
 + Level 0.8 Conjurations
 + Level 0.8 Hexes
 + Level 0.8 Summonings
 + Level 0.8 Necromancy
 + Level 0.8 Translocations
 + Level 0.8 Transmutations
 + Level 0.8 Fire Magic
 + Level 0.8 Ice Magic
 + Level 0.8 Air Magic
 + Level 0.8 Earth Magic
 + Level 0.8 Poison Magic
 + Level 1.2 Invocations
 + Level 1.1 Evocations
 + Level 6.5 Shapeshifting


You had 5 spell levels left.
You didn't know any spells.
Your spell library contained the following spells:

 Spells                   Type           Power      Damage    Failure   Level
 Sublimation of Blood     Necr           1%         N/A       38%         2
 Wereblood                Tmut           1%         N/A       38%         2
 Summon Hydra             Summ           0%         N/A       100%        7


Dungeon Overview and Level Annotations

Branches:
Dungeon (4/15)
 Temple: D:4-7

Altars:

Annotations:
D:1 1 transporter


Innate Abilities, Weirdness & Mutations

You are a tree.
Your roots penetrate the ground, keeping you stationary.
You cannot be teleported.
You are immune to unholy pain and torment.
Your maximum health is greatly increased.
Your equipment is partially melded.
((You have very sharp teeth.))
Your uncanny sense of smell can sniff out nearby items.
Your experience applies equally to all skills.


Message History

You climb downwards.
There is a stone staircase leading up here.
There is an open door here.
There is an open door here.
The ogre shouts!
Okay, then.
Unknown command.
Okay, then.
Throw: 37 stones
Press: ? - help, Q - select action Shift-Dir - straight line, f - ogre
Aim: an ogre, wielding a +0 giant club (73% to hit)
You throw a stone. The stone completely misses the ogre.
Throw: 36 stones
Press: ? - help, Q - select action Shift-Dir - straight line, f/p - ogre
Aim: an ogre, wielding a +0 giant club (74% to hit)
You throw a stone.
The stone hits the ogre but does no damage.
A giant cockroach comes into view.
Throw: 35 stones
Press: ? - help, Q - select action Shift-Dir - straight line, f/p - ogre
Aim: an ogre, wielding a +0 giant club (74% to hit)
You throw a stone.
The stone hits the ogre but does no damage.
The ogre hits you with a +0 giant club!!
Ouch! That really hurt!
You punch the ogre!
The ogre is moderately wounded.
You punch the ogre!
The ogre is severely wounded.
The ogre hits you with a +0 giant club!
* * * LOW HITPOINT WARNING * * *
You feel better.
Your transformation has ended.
You turn into a tree.
Your +0 ring mail melds into your body.
Your roots penetrate the ground.
The ogre hits you with a +0 giant club!
* * * LOW HITPOINT WARNING * * *
You barely miss the ogre.
The ogre is severely wounded.
The ogre hits you with a +0 giant club!!
You die...

#..Or........ #####
#...<....##.B #.).#
#..####...... #÷<.# #.
#.##.. #.÷.# # .....
#####'#[#####
##$##..#####...+..÷'...#
........B.##.<.#.8.#.<.#
########O###...'...+...#
#♣#######'#'######
#.............)...
##....⌠.......⌠...
#................
########'#+######
#...+...+...#
#.>.#.8.#.>.#
#...+...+...#
#####+#+#####


You could see an ogre and a giant cockroach.

Vanquished Creatures
  Jessica (D:3)
  An adder (D:3)
  An orc (D:4)
  3 ball pythons
  A bat (D:1)
  3 endoplasms (D:1)
  A giant cockroach (D:1)
  2 goblins (D:1)
  2 hobgoblins
  4 jackals (D:4)
  4 kobolds
  2 quokkas (D:4)
  5 frilled lizards
  A rat (D:1)
31 creatures vanquished.

Notes
Turn   | Place    | Note
-------+----------+-------------------------------------------
     0 | D:1      | jlumianski the Gnoll Shapeshifter began the quest for the
                  | Orb.
     0 | D:1      | Reached XP level 1. HP: 17/17 MP: 1/1
   355 | D:1      | Reached XP level 2. HP: 20/23 MP: 0/2
   696 | D:2      | Found a faded altar of an unknown god.
  1475 | D:4      | Reached XP level 3. HP: 27/28 MP: 3/3
  1624 | D:4      | Noticed an ogre
  1633 | D:3      | Reached skill level 1 in Invocations
  1642 | D:3      | Noticed Jessica
  1647 | D:3      | Killed Jessica
  1648 | D:3      | Reached skill level 1 in Short Blades
  1648 | D:3      | Reached skill level 1 in Long Blades
  1648 | D:3      | Reached skill level 1 in Axes
  1648 | D:3      | Reached skill level 1 in Maces & Flails
  1648 | D:3      | Reached skill level 1 in Polearms
  1648 | D:3      | Reached skill level 1 in Staves
  1648 | D:3      | Reached skill level 1 in Ranged Weapons
  1648 | D:3      | Reached skill level 1 in Throwing
  1648 | D:3      | Reached skill level 1 in Armour
  1648 | D:3      | Reached skill level 1 in Stealth
  1648 | D:3      | Reached skill level 1 in Shields
  1648 | D:3      | Reached skill level 1 in Spellcasting
  1648 | D:3      | Reached skill level 1 in Evocations
  1648 | D:3      | Reached XP level 4. HP: 23/34 MP: 3/5
  2143 | D:4      | Mangled by an ogre

Illustrated notes

Levels and vault maps discovered:
D:1:      spicycebolla_arrival_risky_transporter, layout_basic
D:2:      layout_basic, shapermc_ecumenical_altar_mp_urbaneastern
D:3:      layout_basic, uniq_jessica
D:4:      layout_loops_ring, mainiacjoe_overflow_boulevard,
          nicolae_elevator_lobby_plus, uniq_natasha, uniq_blork_the_orc

Skill      XL: |  1  2  3 |
---------------+----------+-----
Invocations    | 1 |  1.2
Short Blades   | 1 |  1.1
Long Blades    | 1 |  1.1
Axes           | 1 |  1.1
Maces & Flails | 1 |  1.1
Polearms       | 1 |  1.1
Staves         | 1 |  1.1
Ranged Weapons | 1 |  1.1
Throwing       | 1 |  1.1
Armour         | 1 |  1.1
Stealth        | 1 |  1.1
Shields        | 1 |  1.1
Spellcasting   | 1 |  1.1
Evocations     | 1 |  1.1
Fighting       | |  2.7
Dodging        | |  4.6
Unarmed Combat | |  6.6
Conjurations   | |  0.8
Hexes          | |  0.8
Summonings     | |  0.8
Necromancy     | |  0.8
Translocations | |  0.8
Transmutations | |  0.8
Fire Magic     | |  0.8
Ice Magic      | |  0.8
Air Magic      | |  0.8
Earth Magic    | |  0.8
Poison Magic   | |  0.8
Shapeshifting  | |  6.5

Action                     |  1- 3 |  4- 6 || total
---------------------------+-------+-------++-------
  Melee: Unarmed           |    57 |     5 ||    62
         Bite              |     6 |       ||     6
  Throw: Stone             |       |     3 ||     3
    Use: Scroll            |     2 |     2 ||     4
         Potion            |     2 |     2 ||     4
   Stab: Sleeping          |     1 |       ||     1
 Armour: Ring mail         |    45 |     3 ||    48
         Skin              |       |     2 ||     2
  Dodge: Dodged            |    30 |       ||    30
  Block: Kite shield       |     2 |       ||     2

Table legend: (Time is in decaauts)
 A = Elapsed time spent in this place.
 B = Non-inter-level travel time spent in this place.
 C = Inter-level travel time spent in this place.
 D = Time resting spent in this place.
 E = Time spent auto-exploring this place.
 F = Levels seen in this place.
 G = Mean time per level.
                   A        B        C        D        E       F      G
               +--------+--------+--------+--------+--------+-----+--------+
         Total |   2141 |   2080 |     61 |     23 |   1115 |   4 |  535.2 |
       Dungeon |   2141 |   2080 |     61 |     23 |   1115 |   4 |  535.2 |
               +--------+--------+--------+--------+--------+-----+--------+

Top non-repeatable levels by time:
     D:3: 842 daAuts
     D:2: 679 daAuts
     D:1: 494 daAuts
     D:4: 125 daAuts
